 Dungeon Crawl Stone Soup version 0.27-a0-955-gb57c80000f (webtiles) character file.

Game seed: 8542111492270763532

66 Morbidden the Insei (level 4, 0/33 HPs)
             Began as a Djinni Transmuter on Apr 12, 2021.
             Slain by an orc wizard
             ... wielding a +0 dagger
              (4 damage)
             ... on level 3 of the Dungeon.
             The game lasted 00:03:01 (2764 turns).

Morbidden the Insei (Djinni Transmuter)             Turns: 2764, Time: 00:03:01

Health: 0/33       AC:  2    Str: 10    XL:     4   Next: 15%
Gold:   106        EV: 12    Int: 15    God:
                   SH:  0    Dex: 13

rFire    + + .     SeeInvis .     - Unarmed
rCold    x . .     Faith    .   (no shield)
rNeg     . . .     Spirit   .   a - +0 robe
rPois    ∞         Reflect  .   (no helmet)
rElec    .         Harm     .   (no cloak)
rCorr    .         Rampage  .   (no gloves)
Will     .....                  (boots unavailable)
Stlth    +.........             (no amulet)
HPRegen  0.11/turn              (no ring)
MPRegen  0.00/turn              (no ring)

@: confused, attractive, flying
A: fire resistance 2, cold vulnerability 1, float, innate caster, hp casting,
extra vitality 1
a: no special abilities


You were on level 3 of the Dungeon.
You visited 1 branch of the dungeon, and saw 3 of its levels.

You collected 106 gold pieces.

Inventory:

Missiles
 e - 3 curare-tipped darts (quivered)
Armour
 a - a +0 robe (worn)
Scrolls
 d - a scroll of identify {unknown}
 f - 2 scrolls of enchant weapon {unknown}
 h - 2 scrolls of fog {unknown}
 i - a scroll of amnesia {unknown}
 j - a scroll of teleportation {unknown}


   Skills:
 * Level 1.7 Fighting
 + Level 0.3 Throwing
 + Level 2.5 Dodging
 + Level 0.2 Stealth
 + Level 3.6 Unarmed Combat
 * Level 2.4 Spellcasting


You couldn't memorise any spells.
You knew the following spells:

 Your Spells              Type           Power      Damage    Failure   Level
a - Beastly Appendage     Tmut           18%        N/A       8%          1
b - Wereblood             Tmut           9%         N/A       12%         2
c - Spider Form           Tmut/Pois      4%         N/A       22%         3
d - Ice Form              Ice/Tmut       9%         N/A       58%         4
e - Hydra Form            Tmut           4%         N/A       91%         5
f - Corona                Hex            10%        N/A       8%          1
Your spell library was empty.

Dungeon Overview and Level Annotations

Branches:
Dungeon (3/15)

Altars:

Shops:
D:2 ?


Innate Abilities, Weirdness & Mutations

You are immune to poison.
Your flesh is very heat resistant. (rF++)
You are vulnerable to cold. (rC-)
You float through the air rather than walking.
You learn spells naturally, not from books.
Your magical power is your life essence.
You have superior vitality. (+4 HP)


Message History

Press: ? - help, Q - select action, (/) - cycle Shift-Dir - straight line, f/p - orc
Aim: an orc, wielding a +0 dagger (56% to hit)
You throw a silver javelin.
The silver javelin closely misses the orc.
Something hits you but does no damage.
Unknown command.
Unknown command.
Unknown command.
Throw: javelin (silver)
Press: ? - help, Q - select action, (/) - cycle Shift-Dir - straight line, f/p - orc
Aim: an orc, wielding a +0 dagger (56% to hit)
You throw a silver javelin.
The silver javelin pierces through the orc!
You kill the orc!
Something hits you.
* * * LOW HITPOINT WARNING * * *
Something hits you but does no damage.
Unknown command.
Unknown command.
Unknown command.
Unknown command.
It was a potion of curing.
You feel better. Something hits you.
* * * LOW HITPOINT WARNING * * *
Unknown command.
It was a potion of attraction.
You feel attractive to monsters.
You hear some strange, mumbled words.
You are confused.
Unknown command.
You completely miss something. Something hits you.
* * * LOW HITPOINT WARNING * * *
Unknown command.
You bump into the rock wall.
You hear some strange, mumbled words.
You are more confused.
Unknown command.
You bump into the rock wall.
An orc wizard appears from thin air!
Reactivating autopickup.
The orc wizard hits you with a +0 dagger.
You die...

#.# #.###### #.....## #.###.##
#.# #.## ###### #.# #... #....#
#.# ####
o##################....###.######
.o..#..†..#().)o@.'......†......>
.##.#..♣..#.#######.(...##'######
#.'.♣♣♣.'.# #............#
###..♣..### #............#
#.o...# #####........# #######
#........# #........# #........#
#........#


You could see an orc wizard.

Vanquished Creatures
  An orc wizard (D:3)
  A worm (D:2)
  4 orcs (D:3)
  An endoplasm (D:2)
  A giant cockroach (D:2)
  4 goblins
  3 hobgoblins
  2 kobolds
  4 quokkas
  A ball python (D:2)
  5 bats
  2 frilled lizards
  4 rats
33 creatures vanquished.

Notes
Turn   | Place    | Note
-------+----------+-------------------------------------------
     0 | D:1      | Morbidden the Djinni Transmuter began the quest for the
                  | Orb.
     0 | D:1      | Reached XP level 1. HP: 17/17 MP: 0/0
   447 | D:1      | Reached XP level 2. HP: 22/22 MP: 0/0
  1786 | D:2      | Found Jakedizikh's Magic Scroll Emporium.
  2104 | D:2      | Reached XP level 3. HP: 26/27 MP: 0/0
  2104 | D:2      | Learned a level 1 spell: Corona
  2756 | D:3      | Reached XP level 4. HP: 13/33 MP: 0/0
  2764 | D:3      | Slain by an orc wizard

Illustrated notes

Levels and vault maps discovered:
D:1:      psy_arrival_radial02, layout_loops_corners, hangedman_decor_growths,
          chequers_arboretum, minmay_pentomino_v2
D:2:      layout_loops_ring, serial_shops, shop
D:3:      layout_basic, hellmonk_ecumenical_altar_crossroads,
          kennysheep_generic_room_13

Skill      XL: |  1  2 |
---------------+-------+-----
Spellcasting   | 2 |  2.4
Fighting       | |  1.7
Throwing       | |  0.3
Dodging        | |  2.5
Stealth        | |  0.2
Unarmed Combat | |  3.6

Action                   |  1- 3 |  4- 6 || total
-------------------------+-------+-------++-------
Melee: Unarmed           |    88 |     1 ||    89
       Headbutt          |    12 |       ||    12
       Punch             |     1 |       ||     1
Throw: Javelin           |    11 |     4 ||    15
       Dart              |     4 |       ||     4
 Cast: Beastly Appendage |    22 |       ||    22
  Use: Potion            |       |     2 ||     2
 Stab: Sleeping          |     1 |       ||     1
Armor: Robe              |    19 |     3 ||    22
Dodge: Dodged            |    71 |       ||    71

Table legend: (Time is in decaauts)
 A = Elapsed time spent in this place.
 B = Non-inter-level travel time spent in this place.
 C = Inter-level travel time spent in this place.
 D = Time resting spent in this place.
 E = Time spent auto-exploring this place.
 F = Levels seen in this place.
 G = Mean time per level.
                   A        B        C        D        E       F      G
               +--------+--------+--------+--------+--------+-----+--------+
         Total |   2765 |   2697 |     68 |    427 |   1996 |   3 |  921.7 |
       Dungeon |   2765 |   2697 |     68 |    427 |   1996 |   3 |  921.7 |
               +--------+--------+--------+--------+--------+-----+--------+

Top non-repeatable levels by time:
     D:2: 1460 daAuts
     D:1: 1186 daAuts
     D:3: 118 daAuts
